 Dungeon Crawl Stone Soup version 0.18.1-5-g4a78601 (webtiles) character file.

4783 striepan the Cleaver (level 10, -11/93 HPs)
             Began as a Minotaur Fighter on May 9, 2016.
             Was a High Priest of Okawaru.
             Blown up by Maurice (15 damage)
             ... with a wand of disintegration
             ... on level 8 of the Dungeon.
             The game lasted 01:14:56 (7592 turns).

striepan the Cleaver (Minotaur Fighter)             Turns: 7592, Time: 01:14:57

Health: -11/93     AC: 16    Str: 24    XL:     10   Next: 23%
Magic:  11/11      EV:  6    Int:  7    God:    Okawaru [*****.]
Gold:   101        SH:  0    Dex: 13    Spells: 0 memorised, 9 levels left

rFire  + . .     SeeInvis .     G - +0 battleaxe (curse)
rCold  . . .     Gourm    .     L - +0 plate armour
rNeg   . . .     Faith    .     (shield currently unavailable)
rPois  .         Spirit   .     (helmet restricted)
rElec  .         Dismiss  .     r - +2 cloak
rCorr  .         Reflect  .     j - +2 pair of gloves {Dex+3}
SustAt +         Harm     .     (no boots)
MR     .....                    (no amulet)
Stlth  ..........               F - ring of protection from fire
                                C - ring of sustain attributes

@: very heavily drained, not resistant to hostile enchantments, extremely
unstealthy
A: retaliatory headbutt, horns 2, clever 1, wild magic 1, MP-powered wands
a: Heroism, Finesse, Renounce Religion


You were on level 8 of the Dungeon.
You worshipped Okawaru.
Okawaru was extremely pleased with you.
You were very hungry.

You visited 1 branch of the dungeon, and saw 9 of its levels.

You collected 101 gold pieces.

Inventory:

Hand Weapons
 a - a +0 war axe
 D - a +0 morningstar
 G - a cursed +0 battleaxe (weapon)
Armour
 c - a +0 shield
 j - a +2 pair of gloves of dexterity (worn)
 r - a +2 cloak (worn)
 I - a +0 chain mail
 L - a +0 plate armour (worn)
Jewellery
 C - a ring of sustain attributes (left hand)
 F - a ring of protection from fire (right hand)
 M - an uncursed ring of stealth
Wands
 l - a wand of teleportation (0/9)
 H - a wand of random effects (30/48)
 O - a wand of paralysis (9/24)
Scrolls
 b - 3 scrolls of magic mapping {unknown}
 e - 6 scrolls of identify
 g - a scroll of fog {unknown}
 h - 4 scrolls of immolation {unknown}
 k - 3 scrolls of remove curse
 p - 2 scrolls of teleportation {unknown}
 q - 4 scrolls of enchant weapon {unknown}
 s - 3 scrolls of blinking {unknown}
 t - a scroll of recharging {unknown}
 x - 5 scrolls of random uselessness {unknown}
 y - 2 scrolls of amnesia {unknown}
 A - 2 scrolls of enchant armour {unknown}
Potions
 o - 3 potions of mutation
 u - a potion of resistance {unknown}
 v - a potion of brilliance {unknown}
 w - 2 potions of flight {unknown}
 B - 2 potions of haste {unknown}
 K - a potion of ambrosia {unknown}
 N - a potion of lignification {unknown}
Comestibles
 f - 10 bread rations
 i - 2 beef jerkies
 z - 2 meat rations


   Skills:
 - Level 10.0(0.0) Fighting
 - Level 12.2(0.6) Axes
 + Level 8.7(0.0) Armour
 - Level 4.0(0.0) Shields
 * Level 3.8(0.0) Invocations


You had 9 spell levels left.
You didn't know any spells.

Dungeon Overview and Level Annotations

Branches:
Dungeon (9/15)             Temple (0/1) D:5
   Lair: D:8-11         Orc: D:9-12

Altars:
Gozag
Kikubaaqudgha
Okawaru
Qazlal
Ru
Vehumet
Yredelemnul
The Shining One

Shops:
D:4 !   D:5 [

Annotations:
D:8 Maurice; grom234's ghost, novice DrAE


Innate Abilities, Weirdness & Mutations

You reflexively headbutt those who attack you in melee.
You have a pair of horns on your head.
Your mind is acute. (Int +2)
Your spells are a little harder to cast, but a little more powerful.
You expend magic power (3 MP) to strengthen your wands.


Message History

You closely miss something. You miss something.
Maurice appears from thin air!
Reactivating autopickup.
Maurice gestures wildly while chanting.
Maurice puts on a burst of speed!
Maurice hits you with a war axe.
* * * LOW HITPOINT WARNING * * *
Maurice steals your potion of agility!
You miss Maurice.
Maurice is heavily wounded.
Maurice hits you but does no damage. Maurice blocks your attack.
Your headbutt misses Maurice.
Maurice is heavily wounded.
Maurice drinks a potion.
Maurice suddenly seems more agile.
Maurice hits you with a war axe!
* * * LOW HITPOINT WARNING * * *
Maurice steals your 2 yellow potions!
You closely miss Maurice.
Maurice is heavily wounded.
Maurice zaps a wand.
You are blasted!
You die...

## ####### ###### .# #.....#
#....# .# #.....# #....# .#
#.....# #....#
.####.....#####.>.>#
...................#
................@..#
...............@...#
...................#
.###+######'####'###
.#............#....#
.#............#....#
.#............#....#
.#.####.#####+##..###############
##.####.###...##....#..#.........


You could see Maurice.

Vanquished Creatures
  Pikel (D:4)
  Psyche (D:8)
  Grinder (D:4)
  Prince Ribbit (D:7)
  Sigmund (D:2)
  Eustachio (D:4)
  A hippogriff (D:7)
  2 steam dragons
  2 black bears
  2 ice beasts
  A sky beast (D:9)
  4 phantoms
  3 slaves (D:4)
  3 centaurs
  4 ogres
  Blork the orc (D:4)
  2 giant frogs
  5 scorpions
  3 howler monkeys
  4 wights (D:6)
  A centaur zombie (D:7)
  A giant frog zombie (D:5)
  A quasit (D:7)
  A jelly (D:6)
  2 hounds
  2 orc wizards
  2 orc priests
  A centaur skeleton (D:8)
  An iguana (D:7)
  Terence (D:2)
  Natasha (D:2)
  7 worker ants
  2 hound skeletons
  Robin (D:3)
  8 gnolls (D:5)
  6 adders
  A howler monkey skeleton (D:4)
  2 shadow imps (D:9)
  2 adder zombies
  A worm (D:2)
  3 dart slugs
  4 giant geckos
  12 orcs
  2 giant cockroaches
  12 goblins
  8 hobgoblins
  5 jackals
  10 kobolds
  5 quokkas
  2 ball pythons
  6 bats
  4 giant newts
  2 jackal skeletons
  9 rats
171 creatures vanquished.

Vanquished Creatures (others)
  A slave (D:4)
1 creature vanquished.

Grand Total: 172 creatures vanquished

Notes
Turn   | Place    | Note
--------------------------------------------------------------
     0 | D:1      | striepan the Minotaur Fighter began the quest for the Orb.
     0 | D:1      | Reached XP level 1. HP: 19/19 MP: 0/0
   254 | D:1      | Reached XP level 2. HP: 27/27 MP: 1/1
   560 | D:1      | Reached skill level 3 in Axes
   624 | D:1      | Found an iron altar of Okawaru.
   631 | D:1      | Became a worshipper of Warmaster Okawaru
   925 | D:2      | Found a stormy altar of Qazlal.
   950 | D:2      | Reached XP level 3. HP: 33/33 MP: 2/2
  1015 | D:2      | Noticed Terence
  1023 | D:2      | Killed Terence
  1023 | D:2      | Reached skill level 4 in Axes
  1244 | D:2      | Reached XP level 4. HP: 40/40 MP: 3/3
  1394 | D:2      | Noticed Sigmund
  1409 | D:2      | Killed Sigmund
  1409 | D:2      | Reached * piety under Okawaru
  1409 | D:2      | Reached skill level 7 in Axes
  1409 | D:2      | Reached XP level 5. HP: 17/46 MP: 4/4
  1623 | D:2      | Noticed Natasha
  1636 | D:2      | Killed Natasha
  1774 | D:3      | Reached XP level 6. HP: 52/52 MP: 5/5
  1989 | D:3      | Found a sacrificial altar of Ru.
  2005 | D:3      | Noticed Robin
  2038 | D:3      | Killed Robin
  2308 | D:3      | Reached skill level 5 in Fighting
  2340 | D:3      | Found a radiant altar of Vehumet.
  2341 | D:3      | Found an opulent altar of Gozag.
  2682 | D:4      | Found Xoaghek's Distillery.
  2697 | D:4      | Noticed a slave
  2698 | D:4      | Noticed Pikel
  2699 | D:4      | Noticed a slave
  2701 | D:4      | Noticed a slave
  2701 | D:4      | Noticed a slave
  2706 | D:4      | Killed a slave
  2710 | D:4      | Killed a slave
  2718 | D:4      | Killed a slave
  2719 | D:4      | Killed Pikel
  2719 | D:4      | Reached ** piety under Okawaru
  2719 | D:4      | Reached *** piety under Okawaru
  2719 | D:4      | Reached XP level 7. HP: 17/67 MP: 6/6
  2909 | D:4      | Noticed Grinder
  2911 | D:4      | Paralysed by Grinder for 5 turns
  2919 | D:4      | Paralysed by Grinder for 7 turns
  2932 | D:4      | Killed Grinder
  2932 | D:4      | Reached XP level 8. HP: 47/77 MP: 7/7
  2954 | D:4      | Noticed Blork the orc
  2968 | D:4      | Killed Blork the orc
  3006 | D:4      | Noticed Eustachio
  3016 | D:4      | Killed Eustachio
  3016 | D:4      | Reached **** piety under Okawaru
  3033 | D:4      | Reached skill level 8 in Axes
  3443 | D:4      | Found an ancient bone altar of Kikubaaqudgha.
  3443 | D:4      | Found a glowing golden altar of the Shining One.
  3574 | D:5      | Entered Level 5 of the Dungeon
  3581 | D:5      | Reached skill level 9 in Axes
  3918 | D:5      | Found a staircase to the Ecumenical Temple.
  4023 | D:5      | Reached XP level 9. HP: 80/83 MP: 8/8
  4029 | D:5      | Found Poluh's Antique Armour Emporium.
  4095 | D:5      | Reached skill level 10 in Axes
  4768 | D:6      | Reached skill level 11 in Axes
  4966 | D:6      | Reached skill level 1 in Invocations
  5632 | D:7      | Reached ***** piety under Okawaru
  5646 | D:7      | Found a basalt altar of Yredelemnul.
  5744 | D:7      | Noticed Prince Ribbit
  5755 | D:7      | Killed Prince Ribbit
  5755 | D:7      | Reached skill level 12 in Axes
  6448 | D:8      | Reached XP level 10. HP: 91/91 MP: 10/10
  6731 | D:8      | Noticed Psyche
  6745 | D:8      | Killed Psyche
  6745 | D:8      | Reached skill level 10 in Fighting
  6853 | D:8      | Noticed grom234's ghost (novice DrAE)
  6900 | D:8      | Gained mutation: Your spells are a little harder to cast, but a little more powerful. [potion of mutation]
  6900 | D:8      | Gained mutation: You expend magic power (3 MP) to strengthen your wands. [potion of mutation]
  6900 | D:8      | Gained mutation: Your mind is acute. (Int +2) [potion of mutation]
  7560 | D:9      | Noticed Maurice
  7591 | D:8      | HP: 4/93 [Maurice/war axe (11)]
  7592 | D:8      | Blown up by Maurice

Skill      XL: |  1  2  3  4  5  6  7  8  9 10 |
---------------+-------------------------------+-----
Shields        | 4 |  4.0
Axes           | 3 4 7 9 12 | 12.2
Fighting       | 4 7 8 9 10 | 10.0
Armour         | 6 7 8 |  8.7
Invocations    | 2 3 |  3.8

Action                   |  1- 3 |  4- 6 |  7- 9 | 10-12 || total
-------------------------+-------+-------+-------+-------++-------
Melee: War axe           |    72 |   124 |   185 |       ||   381
       Headbutt          |    17 |    22 |    57 |    18 ||   114
       Battleaxe         |       |       |    69 |    97 ||   166
Invok: Heroism           |       |       |       |     4 ||     4
Evoke: Wand              |       |       |       |     1 ||     1
  Use: Scroll            |     1 |     1 |     1 |       ||     3
       Potion            |       |       |       |     2 ||     2
  Eat: Chunk             |     1 |     5 |    12 |     3 ||    21
Armor: Scale mail        |    48 |    87 |    62 |       ||   197
       Chain mail        |       |       |    84 |       ||    84
       Plate armour      |       |       |       |    84 ||    84
Dodge: Dodged            |    21 |    46 |    91 |    18 ||   176
Block: Shield            |    39 |    75 |    39 |       ||   153
       Buckler           |       |       |    29 |       ||    29
